[Event "Titled Tuesday Blitz December 20 Early 2022"]
[White "Viktorin, Tomas"]
[Black "Talcrifice"]
[WhiteFideId "328316"]
[WhiteElo "1971"]
[BlackElo "2621"]
[Result "1-0"]
[Round "06"]
[TimeControl "180+2"]
[Date "2022.12.20"]
[WhiteClock "0:00:07"]
[BlackClock "0:00:13"]

1. d4 Nf6 2. c4 e6 3. Nf3 d5 4. g3 dxc4 5. Bg2 c5 6. O-O Nc6 7. Qa4 Bd7 8. dxc5 Bxc5 9. Qxc4 Be7 10. Nc3 O-O 11. Rd1 Rc8 12. Qf4 a6 13. Ne5 Nxe5 14. Qxe5 Qb6 15. Rb1 Bc6 16. Be3 Qc7 17. Qxc7 Rxc7 18. Bb6 Rcc8 19. Rbc1 Bxg2 20. Kxg2 Rc6 21. Bd4 Rfc8 22. e4 Nxe4 23. Kf3 Nf6 24. Be3 h6 25. h4 b5 26. a3 Bxa3 27. bxa3 Rxc3 28. Rd8+ Rxd8 29. Rxc3 Nd5 30. Rc6 a5 31. Bc5 Rb8 32. Bd6 Rb7 33. Be5 b4 34. axb4 axb4 35. Ke4 b3 36. Bb2 Rb4+ 37. Kd3 h5 38. Rc8+ Kh7 39. Rf8 Kg6 40. Rc8 f6 41. Re8 Rb6 42. Kc4 Kf5 43. Rg8 Rb7 44. Rh8 g6 45. Rf8 Ke4 46. Rg8 Kf5 47. Re8 Rd7 48. Rf8 e5 49. Kxb3 e4 50. Kc4 Nb6+ 51. Kc5 Nd5 52. Kc6 Rc7+ 53. Kxd5 Rc2 54. Rxf6+ Kg4 55. Rf4+ Kh3 56. Bd4 Rd2 57. Kxe4 1-0


[Site "https://www.chess.com"]

[Event "Titled Tuesday Blitz December 20 Early 2022"]
[White "VincentKeymer"]
[Black "Rakhmanov_Aleksandr"]
[WhiteElo "2980"]
[BlackElo "2797"]
[Result "1/2-1/2"]
[Round "06"]
[TimeControl "180+2"]
[Date "2022.12.20"]
[WhiteClock "0:00:05"]
[BlackClock "0:00:05"]

1. Nf3 Nf6 2. c4 d6 3. d4 g6 4. g3 Bg7 5. Bg2 c6 6. Nc3 Bf5 7. Nh4 Be6 8. Qb3 Qb6 9. O-O O-O 10. Nf3 d5 11. c5 Qxb3 12. axb3 Na6 13. Bf4 Nh5 14. Bg5 f6 15. Bd2 Nc7 16. h3 f5 17. b4 a6 18. Rfd1 Rad8 19. Bg5 Rfe8 20. Nh2 h6 21. Be3 Bf7 22. Nf3 Nf6 23. Nd2 Ne4 24. Bf4 Ne6 25. e3 Nxf4 26. gxf4 g5 27. fxg5 hxg5 28. Nf3 Bh5 29. Re1 e6 30. Nxe4 dxe4 31. Nxg5 Bf6 32. f4 exf3 33. Bxf3 Bg6 34. h4 Kg7 35. Kg2 Kh6 36. Rad1 Bxg5 37. hxg5+ Kxg5 38. Kf2 Rh8 39. Rg1+ Kf6 40. Rg2 Bf7 41. Rgg1 Rh2+ 42. Rg2 Rdh8 43. Rg1 Rxg2+ 44. Rxg2 Rh4 45. Kg3 Rh1 46. Rh2 Re1 47. Kf4 Rb1 48. e4 fxe4 49. Bxe4 Rf1+ 50. Ke3 Re1+ 51. Kd3 Rd1+ 52. Kc3 Re1 53. Bd3 Re3 54. Kd2 Rg3 55. Rh8 Rg2+ 56. Kc3 Rg3 57. Rh6+ Kg7 58. Rh2 Bg6 59. Rd2 Kf6 60. Kc4 Bxd3+ 61. Rxd3 Rxd3 62. Kxd3 Kf5 63. Ke3 e5 64. Kd3 exd4 65. Kxd4 Kf4 66. b3 Kf5 67. Kd3 Ke5 68. Ke3 Kd5 69. Kd3 Ke5 70. Ke3 Kf5 71. Kd3 Ke5 1/2-1/2


[Site "https://www.chess.com"]

[Event "Titled Tuesday Blitz December 20 Early 2022"]
[White "WhiteKnight2612"]
[Black "Brunstein, Sandrine"]
[BlackFideId "625574"]
[WhiteElo "2753"]
[BlackElo "1990"]
[Result "0-1"]
[Round "06"]
[TimeControl "180+2"]
[Date "2022.12.20"]
[WhiteClock "0:00:05"]
[BlackClock "0:00:11"]

1. Nf3 Nf6 2. g3 g6 3. Bg2 Bg7 4. O-O O-O 5. d4 d6 6. c4 c5 7. d5 b5 8. cxb5 a6 9. b6 a5 10. Nc3 Qxb6 11. e4 Ba6 12. Re1 Ng4 13. h3 Ne5 14. Nxe5 Bxe5 15. f4 Bd4+ 16. Kh2 Nd7 17. Ne2 Bg7 18. Ng1 c4 19. Nf3 Nc5 20. e5 Nd3 21. Re2 Rac8 22. Be3 Qb7 23. Nd4 Nxb2 24. Qc2 c3 25. Nc6 Bxe2 26. Qxe2 dxe5 27. fxe5 e6 28. Bg5 exd5 29. Ne7+ Kh8 30. Nxc8 Rxc8 31. e6 fxe6 32. Qxe6 Qc6 33. Qe7 Re8 34. Qa7 h6 35. Bf4 c2 36. Rf1 Nd3 37. Bxh6 Bxh6 38. Rf7 Ne5 39. Rh7+ Kg8 40. Rxh6 Nf7 41. Bxd5 Re2+ 42. Kh1 c1=Q+ 0-1


[Site "https://www.chess.com"]

[Event "Titled Tuesday Blitz December 20 Early 2022"]
[White "WiktoriaPOL"]
[Black "Larochelle, Martial"]
[BlackFideId "2016311"]
[WhiteElo "2241"]
[BlackElo "2039"]
[Result "0-1"]
[Round "06"]
[TimeControl "180+2"]
[Date "2022.12.20"]
[WhiteClock "0:00:01"]
[BlackClock "0:01:55"]

1. c4 e5 2. Nc3 Nf6 3. Nf3 Nc6 4. e4 Bb4 5. d3 O-O 6. a3 Bxc3+ 7. bxc3 d6 8. g3 Be6 9. Bg2 a6 10. O-O b5 11. cxb5 axb5 12. Ng5 Nd7 13. f4 h6 14. Nf3 f6 15. f5 Bf7 16. g4 d5 17. h4 dxe4 18. dxe4 Nc5 19. Qc2 Qd3 20. Qxd3 Nxd3 21. Be3 Rfd8 22. g5 hxg5 23. hxg5 Bc4 24. Rfb1 Ra4 25. gxf6 gxf6 26. Kh2 Rda8 27. Rg1 Rxa3 28. Bf1+ Kf7 29. Rd1 Ra2+ 0-1


[Site "https://www.chess.com"]

[Event "Titled Tuesday Blitz December 20 Early 2022"]
[White "Wild, Achim"]
[Black "profofchess"]
[WhiteFideId "4658728"]
[WhiteElo "2265"]
[BlackElo "2442"]
[Result "1-0"]
[Round "06"]
[TimeControl "180+2"]
[Date "2022.12.20"]
[WhiteClock "0:00:17"]
[BlackClock "0:00:03"]

1. d4 Nf6 2. e3 e6 3. a3 c5 4. dxc5 Bxc5 5. b4 Be7 6. Bb2 O-O 7. Nf3 d5 8. c4 Nc6 9. Nc3 dxc4 10. Bxc4 a6 11. O-O Qc7 12. Qb3 e5 13. Nd5 Nxd5 14. Bxd5 Bf6 15. Rac1 Bg4 16. h3 Bh5 17. Rc2 Bg6 18. Rc4 Rad8 19. e4 Qb6 20. Bxc6 bxc6 21. Bxe5 Be7 22. Bd4 Qb7 23. Ne5 Bxe4 24. Re1 Bd5 25. Qc3 Bxc4 26. Nxc4 f6 27. Na5 Qd7 28. Bb6 Rde8 29. Nxc6 Bd6 30. Rc1 Rc8 31. a4 Kh8 32. b5 axb5 33. axb5 Qb7 34. Qd4 Be5 35. Qc5 Rfe8 36. g3 Bb2 37. Rc2 Be5 38. h4 h6 39. h5 Bc7 40. Bxc7 Rxc7 41. Rd2 Ra8 42. Rd6 Rd7 43. Re6 Rc8 44. Kg2 Rdc7 45. Qd5 Rd7 46. Qe4 Qxb5 47. Ne7 Re8 48. Ng6+ Kg8 49. Rxe8+ Kf7 50. Qe6# 1-0


[Site "https://www.chess.com"]

[Event "Titled Tuesday Blitz December 20 Early 2022"]
[White "Witek, Tomasz"]
[Black "Klose, Eli"]
[WhiteFideId "1130056"]
[BlackFideId "16242955"]
[WhiteElo "2000"]
[BlackElo "1519"]
[Result "1-0"]
[Round "06"]
[TimeControl "180+2"]
[Date "2022.12.20"]
[WhiteClock "0:00:05"]
[BlackClock "0:00:13"]

1. d4 Nf6 2. Nf3 c5 3. e3 b6 4. Nc3 g6 5. a4 Ba6 6. Bb5 Bg7 7. O-O O-O 8. d5 d6 9. e4 Ne8 10. Re1 Nc7 11. Bxa6 Ncxa6 12. Bf4 f6 13. h3 Nc7 14. Bh2 a6 15. Nd2 Nd7 16. Nc4 b5 17. Na5 b4 18. Nb1 Kh8 19. Nc6 Qe8 20. Nd2 Nb8 21. Na5 Qf7 22. Ndc4 Nd7 23. Qd2 Ne5 24. Rad1 Nxc4 25. Nxc4 Rad8 26. Qd3 Kg8 27. Kh1 f5 28. f3 f4 29. c3 bxc3 30. bxc3 g5 31. Rb1 Rb8 32. Na5 e6 33. c4 exd5 34. cxd5 Rb4 35. Nc6 Rxa4 36. Rb7 Rc8 37. Qb3 Ra1 38. Rxa1 Bxa1 39. Bg1 Bf6 40. Qb6 Kg7 41. e5 dxe5 42. d6 Kg6 43. Rxc7 Rxc7 44. Qxc7 Qd5 45. d7 e4 46. fxe4 Qxe4 47. d8=Q Bxd8 48. Qxd8 f3 49. Qg8+ Kh6 50. Qf8+ Kg6 51. Qxf3 Qxf3 52. gxf3 Kf5 53. Bxc5 Kf4 54. Kg2 h5 55. Bd6+ Kf5 56. Nd4+ Kf6 57. Bb4 Ke5 58. Bc3 Kf4 59. Bd2+ Ke5 60. Nb3 Kf5 61. Kg3 Kf6 62. Nc5 Kf5 63. Nxa6 g4 64. fxg4+ hxg4 65. h4 Kg6 66. Kxg4 Kh7 67. h5 Kg7 68. Kg5 Kh7 69. h6 Kg8 70. Kg6 Kh8 71. Bc3+ Kg8 72. h7+ Kf8 73. h8=Q+ Ke7 74. Qf6+ Kd7 75. Nc5+ Kc7 76. Be5+ Kc8 77. Qf8# 1-0


[Site "https://www.chess.com"]

[Event "Titled Tuesday Blitz December 20 Early 2022"]
[White "Xiong, Jeffery"]
[Black "googlegoom"]
[WhiteFideId "2047640"]
[WhiteElo "2692"]
[BlackElo "2581"]
[Result "1-0"]
[Round "06"]
[TimeControl "180+2"]
[Date "2022.12.20"]
[WhiteClock "0:02:25"]
[BlackClock "0:00:01"]

1. b4 d5 2. e3 e5 3. a3 Nf6 4. Bb2 Bd6 5. Nf3 Qe7 6. d4 e4 7. Nfd2 a5 8. b5 c6 9. c4 O-O 10. Nc3 Bg4 11. Qb3 Qe6 12. h3 Bh5 13. g4 Bg6 14. g5 Nh5 15. cxd5 Qe7 16. dxc6 bxc6 17. bxc6 Nxc6 18. Qd5 Rab8 19. Nc4 Na7 20. Qxd6 Qxd6 21. Nxd6 Rxb2 22. Ncxe4 f6 23. Bc4+ Kh8 24. O-O fxg5 25. Nxg5 h6 26. Ngf7+ Kh7 27. Ne5 Rf6 28. Ndf7 Bxf7 29. Bxf7 g6 30. Rab1 1-0


[Site "https://www.chess.com"]

[Event "Titled Tuesday Blitz December 20 Early 2022"]
[White "Yildiz, Ayse Emek"]
[Black "TheoSlade"]
[WhiteFideId "6303528"]
[WhiteElo "1702"]
[BlackElo "2571"]
[Result "1-0"]
[Round "06"]
[TimeControl "180+2"]
[Date "2022.12.20"]
[WhiteClock "0:01:02"]
[BlackClock "0:00:03"]

1. e4 e5 2. Nf3 Nc6 3. Nc3 Nf6 4. a4 d5 5. exd5 Nxd5 6. Bb5 Nxc3 7. bxc3 Bd6 8. O-O O-O 9. d4 exd4 10. cxd4 Bg4 11. c3 Qf6 12. a5 a6 13. Bd3 Bxf3 14. Qxf3 Qxf3 15. gxf3 Ne7 16. c4 c6 17. Bd2 Ng6 18. Rfb1 Rab8 19. Rb3 Rfd8 20. Rab1 Rd7 21. Bf5 Re7 22. c5 Bc7 23. Be4 Nf4 24. Rxb7 Rxb7 25. Rxb7 Ne2+ 26. Kf1 Nxd4 27. Bg5 f6 28. Be3 Ne6 29. Bxc6 Kf8 30. Bd5 Bxa5 31. c6 Nc7 32. Bc4 Ne6 33. Bxa6 Rc7 34. Bb5 Nd8 35. Rb8 Ke7 36. Bc5+ Ke6 37. Rxd8 Rxc6 38. Re8+ Kd5 39. Bxc6+ Kxc6 40. Bf8 1-0


[Site "https://www.chess.com"]

[Event "Titled Tuesday Blitz December 20 Early 2022"]
[White "Yurasova_Daria"]
[Black "Tsigelnitskiy, Ilusha"]
[BlackFideId "4132971"]
[WhiteElo "2502"]
[BlackElo "2342"]
[Result "1-0"]
[Round "06"]
[TimeControl "180+2"]
[Date "2022.12.20"]
[WhiteClock "0:01:39"]
[BlackClock "0:00:17"]

1. d4 e6 2. Nf3 Nf6 3. c4 Bb4+ 4. Bd2 Qe7 5. g3 O-O 6. Bg2 d5 7. O-O Rd8 8. Qc2 Bxd2 9. Nbxd2 Nbd7 10. cxd5 exd5 11. Qxc7 b6 12. e3 Ba6 13. Rfc1 Rac8 14. Qxa7 Ra8 15. Qc7 Rac8 16. Qf4 Qb4 17. Rxc8 Rxc8 18. Nb3 h6 19. Ne5 Nf8 20. Qf5 Qd6 21. Bf1 Bc4 22. Qxc8 1-0


[Site "https://www.chess.com"]

[Event "Titled Tuesday Blitz December 20 Early 2022"]
[White "aidenzhouu"]
[Black "Coachpoker"]
[WhiteElo "2386"]
[BlackElo "2626"]
[Result "1-0"]
[Round "06"]
[TimeControl "180+2"]
[Date "2022.12.20"]
[WhiteClock "0:00:15"]
[BlackClock "0:01:28"]

1. d4 d5 2. c4 dxc4 3. Nf3 Nf6 4. e3 e6 5. Bxc4 a6 6. Nc3 b5 7. Bb3 Bb7 8. O-O Nbd7 9. a3 c5 10. Qe2 Be7 11. Rd1 Qb6 12. e4 cxd4 13. Nxd4 Bc5 14. Be3 Nxe4 15. Nxe4 Bxe4 16. Nxe6 fxe6 17. Rxd7 Kxd7 18. Bxc5 Qxc5 19. Qxe4 Rhe8 20. Qb7+ Kd6 21. Rd1+ Ke5 22. Qxg7+ Kf5 23. Qf7+ Kg5 24. Qg7+ Kf5 25. Re1 e5 26. g4+ Kf4 27. Qf6+ Kxg4 28. Re4+ Kh3 29. Qh4# 1-0


[Site "https://www.chess.com"]

[Event "Titled Tuesday Blitz December 20 Early 2022"]
[White "alexrustemov"]
[Black "Zahid, Sanatan"]
[BlackFideId "10201963"]
[WhiteElo "2891"]
[BlackElo "1930"]
[Result "1/2-1/2"]
[Round "06"]
[TimeControl "180+2"]
[Date "2022.12.20"]
[WhiteClock "0:00:07"]
[BlackClock "0:00:10"]

1. d4 e6 2. c4 b6 3. e4 Bb4+ 4. Bd2 Bxd2+ 5. Nxd2 d5 6. Qg4 Nf6 7. Qxg7 Rg8 8. Qh6 dxe4 9. Qe3 Bb7 10. h3 Nc6 11. Ne2 Nb4 12. O-O-O Nxa2+ 13. Kb1 Nb4 14. Nc3 Qd7 15. g4 O-O-O 16. g5 Ne8 17. Ndxe4 h6 18. h4 hxg5 19. hxg5 Ng7 20. Nf6 Nf5 21. Qf4 Qd6 22. Qxd6 cxd6 23. Rg1 Rh8 24. d5 e5 25. Be2 Nd4 26. Bh5 Rdf8 27. Rh1 Ba6 28. Nce4 Kc7 29. Bxf7 Rxh1 30. Rxh1 Rxf7 31. g6 Re7 32. Rh7 Nf5 33. Ng8 Rg7 34. Nh6 Kb8 35. Nxf5 Rxg6 36. b3 Nxd5 37. Nfxd6 Nc3+ 38. Kb2 Nxe4 39. Nxe4 Bb7 40. Rh8+ Kc7 41. Nc3 a6 42. Rf8 Bc6 43. Kc2 Rg1 44. Kd2 Kd6 45. b4 a5 46. Rf6+ Kc7 47. b5 Bb7 48. Na4 Rg4 49. Nxb6 Rd4+ 50. Kc3 Rd1 51. Na4 Rc1+ 52. Kb3 Be4 53. Nc3 Bd3 54. c5 a4+ 55. Kb4 a3 56. Kb3 a2 57. Rc6+ Kb7 58. Nxa2 Rb1+ 59. Kc3 Rxb5 60. Rb6+ Rxb6 61. cxb6 Bb1 62. Nb4 Kxb6 63. Nd3 Bxd3 64. Kxd3 Kc5 65. Ke4 Kd6 66. f4 exf4 67. Kxf4 1/2-1/2


[Site "https://www.chess.com"]

[Event "Titled Tuesday Blitz December 20 Early 2022"]
[White "annacramling"]
[Black "GuessChess_game"]
[WhiteElo "2219"]
[BlackElo "2424"]
[Result "0-1"]
[Round "06"]
[TimeControl "180+2"]
[Date "2022.12.20"]
[WhiteClock "0:00:01"]
[BlackClock "0:00:10"]

1. d4 Nf6 2. c4 e6 3. Nc3 Bb4 4. Qc2 O-O 5. e4 c5 6. dxc5 Nc6 7. Nf3 Bxc5 8. Bg5 h6 9. Bh4 Be7 10. a3 d6 11. Be2 e5 12. Rd1 Bg4 13. O-O Rc8 14. Bxf6 Bxf6 15. Nd5 Bxf3 16. Bxf3 Nd4 17. Qd3 Bg5 18. Bg4 Rc6 19. f4 Be7 20. f5 Bf6 21. b4 Kh7 22. b5 Rc5 23. a4 Qc8 24. Rc1 Bd8 25. h3 Bf6 26. a5 a6 27. Nb6 Qd8 28. bxa6 bxa6 29. Qa3 Be7 30. f6 Bxf6 31. Bf5+ g6 32. Bd7 Bg5 33. Rb1 f5 34. exf5 gxf5 35. Ba4 e4 36. Nd5 Rf7 37. Ne3 f4 38. Nd5 Rxc4 39. Bb3 Rc3 40. Qb2 Rxb3 41. Qa2 Rxb1 42. Rxb1 f3 43. Nb6 Qf6 44. Qf2 e3 0-1


[Site "https://www.chess.com"]

[Event "Titled Tuesday Blitz December 20 Early 2022"]
[White "bardiya_Daneshvar"]
[Black "Goryachkina, Aleksandra"]
[BlackFideId "4147103"]
[WhiteElo "2903"]
[BlackElo "2571"]
[Result "1-0"]
[Round "06"]
[TimeControl "180+2"]
[Date "2022.12.20"]
[WhiteClock "0:00:10"]
[BlackClock "0:00:01"]

1. b3 d5 2. Bb2 c6 3. e3 Bf5 4. Nf3 e6 5. d4 Nf6 6. Bd3 Bxd3 7. Qxd3 Nbd7 8. O-O Be7 9. c4 O-O 10. Nc3 Re8 11. e4 dxe4 12. Nxe4 Nxe4 13. Qxe4 Bf6 14. Qc2 Qc7 15. Rfe1 Rad8 16. Rad1 h6 17. Re2 Nf8 18. g3 Ng6 19. Kg2 Ne7 20. Qe4 Nf5 21. Red2 Re7 22. Ne5 Bxe5 23. dxe5 Rxd2 24. Rxd2 Rd7 25. Bc3 Qd8 26. Rxd7 Qxd7 27. Qe2 c5 28. Qd2 Qxd2 29. Bxd2 b6 30. Kf3 Kf8 31. g4 Nd4+ 32. Ke4 Nc6 33. h4 Ke7 34. h5 Kd7 35. Bc3 Ne7 36. a3 g6 37. g5 gxh5 38. gxh6 Ng6 39. h7 Ke7 40. Bd2 f5+ 41. exf6+ Kf7 42. Bg5 Ke8 43. b4 Kf7 44. bxc5 bxc5 45. f4 Ke8 46. Bh6 h4 47. Bg7 h3 48. Kf3 Kf7 49. h8=Q 1-0


[Site "https://www.chess.com"]

[Event "Titled Tuesday Blitz December 20 Early 2022"]
[White "bazar-wokzal"]
[Black "Salomez, Maxime"]
[BlackFideId "652079600"]
[WhiteElo "2582"]
[BlackElo "1359"]
[Result "1/2-1/2"]
[Round "06"]
[TimeControl "180+2"]
[Date "2022.12.20"]
[WhiteClock "0:00:03"]
[BlackClock "0:00:02"]

1. e4 c5 2. c3 Nf6 3. e5 Nd5 4. d4 cxd4 5. cxd4 e6 6. Nc3 Nxc3 7. bxc3 Qc7 8. Bd2 d6 9. f4 Nd7 10. Nf3 d5 11. Bd3 Nb6 12. O-O Bd7 13. Ng5 O-O-O 14. Nxh7 Rxh7 15. Bxh7 g6 16. h4 Ba3 17. h5 Bb5 18. Rf2 Bd3 19. Qg4 Bf5 20. Qg5 Be7 21. Qg3 Rh8 22. hxg6 fxg6 23. Bxg6 Bh4 24. Bxf5 Bxg3 25. Bxe6+ Kb8 26. Rf3 Bh2+ 27. Kf2 Qc4 28. f5 Qa4 29. Re1 Qc2 30. Re2 Nc4 31. Bg5 Qd1 32. Re1 Qc2+ 33. Re2 Qc1 34. Re1 Qc2+ 35. Re2 1/2-1/2


[Site "https://www.chess.com"]

[Event "Titled Tuesday Blitz December 20 Early 2022"]
[White "cancrushyou"]
[Black "RamonManon0g"]
[WhiteElo "2530"]
[BlackElo "2372"]
[Result "1/2-1/2"]
[Round "06"]
[TimeControl "180+2"]
[Date "2022.12.20"]
[WhiteClock "0:00:34"]
[BlackClock "0:00:37"]

1. Nf3 Nf6 2. c4 g6 3. g3 Bg7 4. d4 O-O 5. Bg2 d5 6. cxd5 Nxd5 7. O-O c6 8. e4 Nb6 9. Nc3 N8d7 10. b3 c5 11. Be3 cxd4 12. Nxd4 Nf6 13. h3 Bd7 14. e5 Ne8 15. e6 fxe6 16. Bxb7 Rb8 17. Bg2 Nd6 18. Rc1 Rc8 19. g4 Kh8 20. Nce2 Nd5 21. Bg5 e5 22. Rxc8 Bxc8 23. Bxd5 exd4 24. Nxd4 Qc7 25. Ne6 Bxe6 26. Bxe6 Ne4 27. Be3 Qe5 28. Bc4 Ng5 29. Bxg5 Qxg5 30. Qd5 Qf4 31. Qg2 Bd4 32. a4 e5 33. Bd5 Qd2 34. Bc4 e4 35. Qxe4 Rxf2 36. Qxd4+ Qxd4 37. Rxf2 Qa1+ 38. Kg2 Qe5 39. Re2 Qf4 40. Rf2 Qe4+ 41. Kg3 Qe3+ 42. Rf3 Qe1+ 43. Kg2 Qd2+ 44. Kg3 g5 45. Rd3 Qe1+ 46. Kg2 Qe2+ 47. Kg3 Qe1+ 48. Kg2 Qe2+ 49. Kg3 Qe1+ 1/2-1/2


[Site "https://www.chess.com"]

[Event "Titled Tuesday Blitz December 20 Early 2022"]
[White "deibittowers"]
[Black "Najdoski, Toni"]
[BlackFideId "15001334"]
[WhiteElo "2072"]
[BlackElo "2598"]
[Result "0-1"]
[Round "06"]
[TimeControl "180+2"]
[Date "2022.12.20"]
[WhiteClock "0:00:03"]
[BlackClock "0:01:16"]

1. e4 c5 2. Nf3 e6 3. d4 cxd4 4. Nxd4 Nc6 5. Nxc6 bxc6 6. Bd3 d5 7. O-O Bc5 8. Qe2 Ne7 9. Nd2 O-O 10. e5 Ng6 11. Nf3 a5 12. Bg5 Qb6 13. Rae1 Ba6 14. h4 Bxd3 15. cxd3 h6 16. Bc1 a4 17. h5 Ne7 18. Nh4 Bb4 19. Rd1 a3 20. b3 d4 21. f4 Nd5 22. Rf3 Be7 23. Qf2 Qc5 24. f5 Bxh4 25. Qxh4 Ne3 26. f6 Qc2 27. Bxe3 Qxd1+ 28. Rf1 Qxd3 29. Qg3 g5 30. hxg6 Qxe3+ 0-1


[Site "https://www.chess.com"]

[Event "Titled Tuesday Blitz December 20 Early 2022"]
[White "dirk_da_player"]
[Black "Ong, Chong Ghee"]
[BlackFideId "5800145"]
[WhiteElo "2339"]
[BlackElo "2307"]
[Result "1-0"]
[Round "06"]
[TimeControl "180+2"]
[Date "2022.12.20"]
[WhiteClock "0:01:31"]
[BlackClock "0:00:05"]

1. e4 e6 2. d4 d5 3. e5 c5 4. c3 Bd7 5. Nf3 Qb6 6. a3 Bb5 7. c4 Bxc4 8. Bxc4 dxc4 9. d5 exd5 10. Qxd5 Ne7 11. Qxc4 Nbc6 12. Nc3 Nd4 13. O-O Nxf3+ 14. gxf3 Rc8 15. f4 g6 16. Be3 Nc6 17. Nd5 Qd8 18. Nf6+ Ke7 19. Bxc5+ 1-0


[Site "https://www.chess.com"]

[Event "Titled Tuesday Blitz December 20 Early 2022"]
[White "dropstoneDP"]
[Black "Mekhitarian, Krikor Sevag"]
[BlackFideId "2107660"]
[WhiteElo "3038"]
[BlackElo "2604"]
[Result "1-0"]
[Round "06"]
[TimeControl "180+2"]
[Date "2022.12.20"]
[WhiteClock "0:00:49"]
[BlackClock "0:00:27"]

1. e4 c5 2. Nf3 e6 3. d4 cxd4 4. Nxd4 Nc6 5. Nc3 a6 6. Be2 Nf6 7. Nxc6 bxc6 8. e5 Nd5 9. Ne4 f5 10. exf6 Nxf6 11. Nd6+ Bxd6 12. Qxd6 Qe7 13. Bf4 Nd5 14. Qxe7+ Kxe7 15. Bg5+ Kf7 16. O-O-O Nf6 17. Rhe1 d5 18. Bd3 Re8 19. Bf4 c5 20. c3 Bb7 21. Bc2 a5 22. Ba4 Rec8 23. Re3 Bc6 24. Bc2 a4 25. Rde1 Bd7 26. Be5 Ra6 27. h3 Rb6 28. g4 h6 29. Rg3 Bc6 30. g5 hxg5 31. Rxg5 Rh8 32. Reg1 Ne8 33. Bg6+ Ke7 34. Bxe8 Bxe8 35. Rxg7+ Kf8 36. Rc7 Rxh3 37. Bg7+ Kg8 38. Bd4+ 1-0


[Site "https://www.chess.com"]

[Event "Titled Tuesday Blitz December 20 Early 2022"]
[White "emeli_chess"]
[Black "Lim, Seng Hoo"]
[BlackFideId "5800021"]
[WhiteElo "2405"]
[BlackElo "2440"]
[Result "0-1"]
[Round "06"]
[TimeControl "180+2"]
[Date "2022.12.20"]
[WhiteClock "0:00:21"]
[BlackClock "0:00:41"]

1. d4 Nf6 2. c4 g6 3. Nc3 d5 4. cxd5 Nxd5 5. e4 Nxc3 6. bxc3 Bg7 7. Bc4 O-O 8. Ne2 c5 9. Be3 Nc6 10. h4 cxd4 11. cxd4 Qa5+ 12. Kf1 Rd8 13. h5 Qb4 14. Rc1 Ne5 15. Bb3 Ng4 16. Bd2 Qb6 17. hxg6 hxg6 18. Bc3 e5 19. Qd3 exd4 20. Bd2 Ne5 21. Qg3 Be6 22. Bxe6 Qxe6 23. Nf4 Qxa2 24. Bb4 Qb2 25. Ba3 Qb5+ 26. Kg1 Rac8 27. Rd1 Rc3 28. Qg5 f6 29. Qh4 Rxa3 30. Ne6 Qb3 31. Qh7+ Kf7 32. Nxd8+ Ke7 33. Rxd4 Ra1+ 34. Kh2 Ng4# 0-1


[Site "https://www.chess.com"]

[Event "Titled Tuesday Blitz December 20 Early 2022"]
[White "gammagramma"]
[Black "Narayanan, Srinath"]
[BlackFideId "5018420"]
[WhiteElo "2716"]
[BlackElo "2559"]
[Result "1/2-1/2"]
[Round "06"]
[TimeControl "180+2"]
[Date "2022.12.20"]
[WhiteClock "0:00:08"]
[BlackClock "0:00:10"]

1. d4 d5 2. c4 dxc4 3. Nf3 Nf6 4. e3 e6 5. Bxc4 a6 6. O-O c5 7. Bb3 Nbd7 8. Nc3 Be7 9. dxc5 Nxc5 10. Qxd8+ Bxd8 11. Bc2 b5 12. b4 Ncd7 13. a4 bxa4 14. Bxa4 Bb7 15. Rd1 Bc7 16. Ba3 O-O-O 17. b5 Ne5 18. bxa6 Nxf3+ 19. gxf3 Bxa6 20. Be7 Rxd1+ 21. Rxd1 h5 22. Bc6 Rh6 23. Kh1 Bb7 24. Bxb7+ Kxb7 25. Rg1 Ne8 26. Ne4 Kc6 27. Bf8 Rg6 28. Rxg6 fxg6 29. Kg2 Be5 30. f4 Bb2 31. h4 Nc7 32. Ng5 Kd7 33. Kg3 Nd5 34. Nf3 Ke8 35. Bc5 Nc3 36. Ng5 Kd7 37. Kf3 Nd5 38. Ke4 Nf6+ 39. Kf3 Ng4 40. Ne4 Nh6 41. Ng3 Bf6 42. Bd4 Bxd4 43. exd4 Nf5 44. Nxf5 gxf5 45. Ke2 Kc6 46. Kd2 Kb5 47. Kc3 g6 48. Kb3 Kc6 49. Kc4 Kd6 50. Kc3 Kc6 51. Kc4 Kd6 52. Kc3 Kc6 53. Kc4 1/2-1/2


[Site "https://www.chess.com"]

[Event "Titled Tuesday Blitz December 20 Early 2022"]
[White "guillembaches"]
[Black "Ademi, Sead"]
[BlackFideId "906514"]
[WhiteElo "2464"]
[BlackElo "2168"]
[Result "1-0"]
[Round "06"]
[TimeControl "180+2"]
[Date "2022.12.20"]
[WhiteClock "0:00:09"]
[BlackClock "0:00:12"]

1. e4 c5 2. Nf3 d6 3. d4 cxd4 4. Nxd4 Nf6 5. Nc3 g6 6. g3 Bg7 7. Bg2 O-O 8. O-O Nc6 9. Nde2 Bd7 10. h3 Rc8 11. a4 a6 12. Kh2 Na5 13. Nd5 Nxd5 14. exd5 Nc4 15. Ra2 Nb6 16. b3 Qc7 17. Be3 Bf5 18. Nd4 Bd7 19. a5 Na8 20. c4 Qd8 21. Re1 Nc7 22. Rae2 Re8 23. Qd2 Bf6 24. h4 Bg4 25. f3 Bd7 26. Bg5 Bxg5 27. hxg5 e5 28. dxe6 Nxe6 29. Nxe6 Bxe6 30. f4 Qc7 31. Bh3 Bd7 32. Re7 Rxe7 33. Rxe7 Rd8 34. Qd4 Re8 35. Rxd7 Re2+ 36. Kg1 Qxa5 37. Bf1 Rd2 38. Qe3 Kg7 39. c5 dxc5 40. Rxd2 1-0


[Site "https://www.chess.com"]

[Event "Titled Tuesday Blitz December 20 Early 2022"]
[White "harperchesstt"]
[Black "Manukyan_Artak"]
[WhiteElo "2366"]
[BlackElo "2560"]
[Result "0-1"]
[Round "06"]
[TimeControl "180+2"]
[Date "2022.12.20"]
[WhiteClock "0:00:02"]
[BlackClock "0:00:14"]

1. e3 c5 2. Nf3 d5 3. d4 Nc6 4. c4 e6 5. Nc3 Nf6 6. Be2 a6 7. O-O dxc4 8. Bxc4 b5 9. Bd3 cxd4 10. exd4 Be7 11. Bg5 Bb7 12. a3 O-O 13. Bc2 b4 14. axb4 Nxb4 15. Bb1 Rc8 16. Ne5 Nbd5 17. Qd3 g6 18. Qh3 Nxc3 19. bxc3 Ne4 20. Bxe7 Qxe7 21. Bxe4 Bxe4 22. Rxa6 Qb7 23. Rfa1 Qb2 24. R6a3 Bf5 25. Qe3 f6 26. Nf3 Rf7 27. h3 Rfc7 28. g4 Bc2 29. Qxe6+ Kg7 30. Ra7 Bb3 31. Qd6 Rf7 32. g5 fxg5 33. Qe5+ Kg8 34. Ra8 Rcf8 35. Rxf8+ Rxf8 36. Ra7 Qc1+ 37. Kg2 Bf7 38. Nxg5 Qxc3 39. Nxf7 Qc6+ 40. Kh2 Rxf7 41. d5 Rxf2+ 42. Kg3 Qc3+ 43. Kxf2 Qxe5 44. Kf3 Qxd5+ 45. Kf4 Qd4+ 46. Kg5 Qxa7 47. Kh6 Qf7 48. Kg5 Qf5+ 49. Kh4 Qf4# 0-1


[Site "https://www.chess.com"]

[Event "Titled Tuesday Blitz December 20 Early 2022"]
[White "jaldjald"]
[Black "lamomiajunior"]
[WhiteElo "2386"]
[BlackElo "2526"]
[Result "1-0"]
[Round "06"]
[TimeControl "180+2"]
[Date "2022.12.20"]
[WhiteClock "0:00:10"]
[BlackClock "0:00:05"]

1. e4 c6 2. d4 d5 3. e5 Bf5 4. Nf3 e6 5. Be2 c5 6. Be3 Qb6 7. c4 dxc4 8. Nbd2 Bd3 9. O-O Nc6 10. Bxd3 cxd3 11. dxc5 Qc7 12. Nc4 Nh6 13. Qxd3 Nf5 14. Nd6+ Bxd6 15. cxd6 Qd7 16. a3 O-O 17. b4 a6 18. Rad1 Rac8 19. Qe4 Rfe8 20. Bb6 f6 21. g4 Nh6 22. g5 fxg5 23. Nxg5 Nf5 24. Kh1 g6 25. Rg1 Rf8 26. f4 Ng7 27. Nxh7 Kxh7 28. Rxg6 Rf5 29. Rdg1 Nh5 30. R6g5 Kh6 31. Rxf5 exf5 32. Qg2 Qf7 33. Qg5+ Kh7 34. e6 Qxe6 35. Qxh5+ Qh6 36. Qxf5+ Kh8 37. Qxc8+ 1-0


[Site "https://www.chess.com"]

[Event "Titled Tuesday Blitz December 20 Early 2022"]
[White "katchesskat"]
[Black "APOKALIPSA13"]
[WhiteElo "2391"]
[BlackElo "2220"]
[Result "1-0"]
[Round "06"]
[TimeControl "180+2"]
[Date "2022.12.20"]
[WhiteClock "0:00:49"]
[BlackClock "0:00:10"]

1. c4 e5 2. a3 Nc6 3. b4 a5 4. b5 Nd4 5. e3 Nf5 6. Qc2 g6 7. Bb2 Bg7 8. g4 Nh4 9. Nc3 b6 10. O-O-O Bb7 11. e4 a4 12. Kb1 f5 13. gxf5 gxf5 14. Be2 Nf6 15. f3 Qe7 16. Nd5 Bxd5 17. cxd5 d6 18. Nh3 O-O-O 19. Qxa4 Kb8 20. Rc1 Bh6 21. Rc2 Rhg8 22. Rhc1 Rd7 23. Qa6 Qd8 24. Rc6 Rg2 25. R1c4 Nxd5 26. exd5 Nxf3 27. Ra4 Nxd2+ 28. Ka2 Nb3 29. Qa8# 1-0


[Site "https://www.chess.com"]